 Dungeon Crawl Stone Soup version 0.30-b1-7-gcb88a99046 (webtiles) character file.

Game seed: 9541496885993530979

168 Sykov the Ruffian (level 5, -7/53 HPs)
             Began as a Troll Berserker on May 5, 2023.
             Was a Believer of Trog.
             Mangled by a hornet (11 damage)
             ... on level 4 of the Dungeon.
             The game lasted 00:05:43 (2199 turns).

Sykov the Ruffian (Troll Berserker)                 Turns: 2199, Time: 00:05:44

Health: -7/53      AC:  6    Str: 27    XL:     5   Next: 23%
Magic:  4/4        EV: 10    Int:  3    God:    Trog [**....]
Gold:   197        SH:  0    Dex:  9    Spells: 4/4 levels left

rFire   . . .        f - +0 flail
rCold   . . .        (no shield)
rNeg    . . .        a - +1 animal skin
rPois   .            (helmet restricted)
rElec   .            b - +0 cloak
rCorr   .            (gloves unavailable)
SInv    .            (boots unavailable)
Will    .....        (no amulet)
Stlth   +            (no ring)
HPRegen 1.08/turn    (no ring)
MPRegen 0.09/turn

%: no passive effects
@: lethally poisoned (-7 -> -8), slowed, very slow
A: large, unfitting armour, claws 3, regeneration 1, shaggy fur 1, tough skin 1
a: Renounce Religion, Berserk, Trog's Hand


You were on level 4 of the Dungeon.
You worshipped Trog.
Trog was pleased with you.
You visited 1 branch of the dungeon, and saw 4 of its levels.

You collected 197 gold pieces.

Inventory:

Hand Weapons
 d - a +0 dagger
 f - a +0 flail (weapon)
 j - a +0 flail
Missiles
 h - 4 poisoned darts (quivered)
Armour
 a - a +1 animal skin (worn)
 b - a +0 cloak (worn)
 e - a +0 leather armour
 i - a +0 chain mail
Magical Staves
 c - a staff of death
Wands
 l - a wand of flame (25)
Scrolls
 k - a scroll of poison {unknown}
Potions
 g - a potion of curing {unknown}


   Skills:
 + Level 3.2 Fighting
 + Level 0.7 Maces & Flails
 + Level 3.2 Dodging
 + Level 0.1 Stealth
 + Level 4.4 Unarmed Combat


You had 4 spell levels left.
You didn't know any spells.
Your spell library contained the following spells:

 Spells                   Type           Power      Damage    Failure   Level
 Magic Dart               Conj           0%         1d3       52%         1
 Call Imp                 Summ           0%         N/A       67%         2
 Mephitic Cloud           Conj/Pois/Air  0%         N/A       88%         3


Dungeon Overview and Level Annotations

Branches:
Dungeon (4/15)
 Temple: D:4-7

Altars:
Hepliaklqana
The Shining One

Annotations:
D:3 Natasha


Innate Abilities, Weirdness & Mutations

You are too large for most types of armour.
You have claws for hands.
Your natural rate of healing is unusually fast.
You are covered in fur. (AC +1)
You have tough skin. (AC +1)


Message History

A hobgoblin comes into view.
A hobgoblin is nearby!
Found 9 gold pieces.
The hobgoblin closely misses you.
You hit the hobgoblin but do no damage. The hobgoblin barely misses you.
You hit the hobgoblin.
You kill the hobgoblin!
Trog accepts your kill.
An orc comes into view. It is wielding a +0 dagger.
The orc shouts!
A hornet comes into view.
You see here a hobgoblin corpse.
There are monsters nearby!
A goblin comes into view. It is wielding a +0 club.
Found a short sword.
The hornet buzzes angrily.
The goblin shouts!
You miss the hornet.
The hornet stings you but does no damage.
The orc barely misses you. The hornet stings you!
You are poisoned.
You feel yourself slow down.
You hit the hornet.
The hornet is lightly wounded.
You feel yourself speed up.
You feel very sick. The hornet closely misses you.
The orc hits you with a +0 dagger. The hornet barely misses you.
The orc hits you but does no damage. The hornet stings you!
You feel yourself slow down.
You closely miss the hornet.
The hornet is lightly wounded.
You feel very sick.
The hornet barely misses you. x2; The orc closely misses you.
The goblin hits you with a +0 club. The orc closely misses you.
The goblin closely misses you. The hornet stings you!
* * * LOW HITPOINT WARNING * * *
You feel as though you will be slow longer.
You miss the hornet. Your claw misses the hornet.
The hornet is lightly wounded.
You feel sick. The hornet closely misses you. The hornet stings you!
You die...

#... #..# #... #
#..# #
.#.####..# .#
..........##.##
........$oyg...#
.^..##.##.@)..#
..........###.#
.......<†###
.#.........#
.........#.#.##
####...........
#......#.#..
#..###.#.#..
#..# ......


You could see a hornet, an orc and a goblin.

Vanquished Creatures
  Natasha (twice) (D:3)
  An orc wizard (D:3)
  3 adders
  A worm (D:3)
  A dart slug (D:2)
  9 orcs (D:3)
  A ball python (D:1)
  7 bats
  4 endoplasms
  4 giant cockroaches
  4 goblins
  4 hobgoblins
  2 quokkas
  2 frilled lizards (D:2)
  4 kobolds
  A rat (D:3)
50 creatures vanquished.

Notes
Turn   | Place    | Note
-------+----------+-------------------------------------------
     0 | D:1      | Sykov the Troll Berserker began the quest for the Orb.
     0 | D:1      | Reached XP level 1. HP: 22/22 MP: 0/0
   419 | D:2      | Reached XP level 2. HP: 29/29 MP: 1/1
   822 | D:2      | Reached XP level 3. HP: 37/37 MP: 2/2
  1458 | D:3      | Reached XP level 4. HP: 45/45 MP: 3/3
  1490 | D:3      | Reached ** piety under Trog
  1561 | D:3      | Noticed Natasha
  1565 | D:3      | Killed Natasha
  1566 | D:3      | Reached skill level 4 in Unarmed Combat
  1861 | D:3      | Reached XP level 5. HP: 53/53 MP: 4/4
  1935 | D:3      | Found a glowing golden altar of the Shining One.
  1974 | D:3      | Noticed Natasha
  1980 | D:3      | Killed Natasha
  2092 | D:3      | Found a hazy altar of Hepliaklqana.
  2093 | D:3      | Noticed Natasha
  2193 | D:4      | Noticed a hornet
  2199 | D:4      | Mangled by a hornet

Illustrated notes

Levels and vault maps discovered:
D:1:      dpeg_arrival_long_road, layout_rooms
D:2:      layout_basic
D:3:      minmay_chambers_of_twos, layout_basic, nzn_hepliaklqana_mist_gate,
          mainiacjoe_overflow_cross_hatched, uniq_natasha
D:4:      layout_basic, okawaru_altar_gauntlet_db, trog_book,
          gup_sewer_entry_bowl, chequers_serial_rivers_room_b, uniq_robin

Skill      XL: |  1  2  3  4 |
---------------+-------------+-----
Fighting       | 3 |  3.2
Dodging        | 3 |  3.2
Unarmed Combat | 4 |  4.4
Maces & Flails | |  0.7
Stealth        | |  0.1

Action                     |  1- 3 |  4- 6 || total
---------------------------+-------+-------++-------
  Melee: Unarmed           |    70 |    17 ||    87
         Flail             |       |    81 ||    81
    Use: Scroll            |     2 |     2 ||     4
 Armour: Animal skin       |    33 |    61 ||    94
  Dodge: Dodged            |    34 |    68 ||   102
